 Dungeon Sprint DCSS version 0.30.1-9-gdf580d7c3d (webtiles) character file.

Game seed: 4527600725001425018

1092 Heoruswealwe the Impaler (level 8, -5/82 HPs)
             Began as a Minotaur Fighter on Oct 2, 2023.
             Was an Initiate of Gozag.
             Slain by a seven-headed hydra (8 damage)
             ... in the Dungeon (Sprint IX: "|||||||||||||||||||||||||||||").
             The game lasted 00:03:11 (256 turns).

Heoruswealwe the Impaler (Minotaur Fighter)          Turns: 256, Time: 00:03:12

Health: -5/82      AC: 18    Str: 26    XL:     8   Next: 9%
Magic:  7/7        EV:  7    Int:  5    God:    Gozag
Gold:   0          SH:  0    Dex: 10    Spells: 7/7 levels left

rFire   . . .        b - +2 halberd (heavy)
rCold   . . .        (shield currently unavailable)
rNeg    + . .        c - +0 plate armour {rN+}
rPois   .            (helmet restricted)
rElec   .            (no cloak)
rCorr   .            f - +0 pair of gloves
SInv    .            (no boots)
Will    .....        (no amulet) Stlth
                     k - +3 ring of strength
HPRegen 0.33/turn    j - +2 ring of protection
MPRegen 0.10/turn

%: no teleportation
@: gold aura
A: horns 2, retaliatory headbutt
a: Renounce Religion, Potion Petition, Call Merchant, Bribe Branch


You were in the Dungeon.
You worshipped Gozag.
Gozag was noncommittal.
You visited 1 branch

Inventory:

Hand Weapons
 a - a +0 trident
 b - a +2 heavy halberd (weapon)
Armour
 c - a +0 plate armour of positive energy (worn)
 d - a +0 buckler
 f - a +0 pair of gloves (worn)
Jewellery
 j - a +2 ring of protection (right hand)
 k - a +3 ring of strength (left hand)
Wands
 h - a wand of roots (10)
Scrolls
 n - a scroll of blinking
Potions
 g - a potion of haste
 i - a potion of berserk rage
 l - a potion of might
 m - 4 potions of curing


   Skills:
 + Level 11.3 Fighting
 * Level 15.0 Polearms
 + Level 11.3 Armour
 - Level 3.6 Shields


You had 7 spell levels left.
You didn't know any spells.
Your spell library was empty.

Dungeon Overview and Level Annotations

Branches:
Dungeon (1/1)

Altars:
Cheibriados
Dithmenos
Elyvilon
Fedhas
Gozag
Hepliaklqana
Kikubaaqudgha
Makhleb
Nemelex Xobeh
Okawaru
Qazlal
Ru
Sif Muna
Trog
Uskayaw
Vehumet
Wu Jian
Xom
Yredelemnul
Zin
The Shining One
Jiyva
Lugonu


Innate Abilities, Weirdness & Mutations

You have a pair of horns on your head.
You reflexively headbutt those who attack you in melee.


Message History

Pain shoots through your body!
The kobold demonologist hits you but does no damage.
You slash the kobold demonologist! You headbutt the kobold demonologist.
The kobold demonologist is moderately wounded.
The shadow imp barely misses you.
The kobold demonologist hits you with a +0 dagger.
The shadow imp closely misses you. You furiously retaliate!
You headbutt the shadow imp, but do no damage.
You slice the kobold demonologist!!
You kill the kobold demonologist!
The shadow imp disappears in a puff of smoke!
The sun demon disappears in a puff of smoke!
Your Fighting skill increases to level 11!
Your Polearms skill increases to level 15!
Your Armour skill increases to level 11!
You have reached level 8!
You feel agile.
Unknown command.
You open the door.
A six-headed hydra, a howler monkey, a red ugly thing, a slime creature, a tengu warrior and a manticore come into view.
The six-headed hydra roars!
The howler monkey howls!
The six-headed hydra is distracted by your dazzling golden aura.
The six-headed hydra is no longer distracted by gold.
The six-headed hydra bites you but does no damage. x2
The six-headed hydra barely misses you. The six-headed hydra bites you!
* * * LOW HITPOINT WARNING * * *
The six-headed hydra bites you but does no damage. x2
There is an open door, spattered with blood here.
You chop one of the six-headed hydra's heads off!
The five-headed hydra grows two more!
You impale the seven-headed hydra!!
Your headbutt misses the seven-headed hydra.
The seven-headed hydra is heavily wounded.
The seven-headed hydra bites you but does no damage. x2
The seven-headed hydra bites you!
* * * LOW HITPOINT WARNING * * *
The seven-headed hydra bites you!
* * * LOW HITPOINT WARNING * * *
The seven-headed hydra bites you!
You die...
Your body crumbles into a pile of gold.

▓.▓
▓$▓
$
▓$▓
$
▓.▓
$
▓$▓
$
▓.▓
$ $
▓.▓
$
▓.▓
$
▓@▓
▓D▓
▓u▓
▓h▓
▓J▓
▓Q▓
▓H▓
▓+▓


You could see a seven-headed hydra, a red ugly thing, a slime creature, a tengu
warrior, a manticore and a howler monkey.

Vanquished Creatures
  A kobold demonologist (D)
  3 yaks (D)
  An orc warrior (D)
  An ice beast (D)
  A centaur (D)
  A phantom (D)
  An orc priest (D)
  An ufetubus (D)
  An orc (D)
  A giant cockroach (D)
  2 goblins (D)
  A hobgoblin (D)
  A ball python (D)
16 creatures vanquished.

Notes
Turn   | Place    | Note
-------+----------+-------------------------------------------
     0 | D        | Heoruswealwe the Minotaur Fighter began the quest for the
                  | Orb.
     0 | D        | Reached XP level 1. HP: 19/19 MP: 0/0
     8 | D        | Reached skill level 3 in Polearms
    25 | D        | Noticed a phantom
    25 | D        | Noticed an orc priest
    25 | D        | Noticed an ice beast
    41 | D        | HP: 1/20 [phantom (2)]
    43 | D        | Killed a phantom
    44 | D        | Reached skill level 7 in Polearms
    44 | D        | Reached XP level 2. HP: 3/30 MP: 1/1
    44 | D        | Reached XP level 3. HP: 3/37 MP: 2/2
    44 | D        | Reached XP level 4. HP: 4/44 MP: 3/3
    54 | D        | Reached skill level 8 in Polearms
    59 | D        | Killed an ice beast
    60 | D        | Reached skill level 10 in Polearms
    60 | D        | Reached XP level 5. HP: 6/53 MP: 4/4
    68 | D        | Found a snail-covered altar of Cheibriados.
    68 | D        | Found a shadowy altar of Dithmenos.
    68 | D        | Found a white marble altar of Elyvilon.
    68 | D        | Found a blossoming altar of Fedhas.
    68 | D        | Found an opulent altar of Gozag.
    69 | D        | Found a hazy altar of Hepliaklqana.
    70 | D        | Found a viscous altar of Jiyva.
    71 | D        | Found an ancient bone altar of Kikubaaqudgha.
    72 | D        | Found a corrupted altar of Lugonu.
    73 | D        | Found a burning altar of Makhleb.
    74 | D        | Found a sparkling altar of Nemelex Xobeh.
    75 | D        | Found an iron altar of Okawaru.
    76 | D        | Became a worshipper of Gozag Ym Sagoz the Greedy
    77 | D        | Found a stormy altar of Qazlal.
    78 | D        | Found a sacrificial altar of Ru.
    79 | D        | Found a shimmering blue altar of Sif Muna.
    80 | D        | Found a bloodstained altar of Trog.
    81 | D        | Found a hide-covered altar of Uskayaw.
    82 | D        | Found a radiant altar of Vehumet.
    83 | D        | Found an ornate altar of the Wu Jian Council.
    84 | D        | Found a shimmering altar of Xom.
    85 | D        | Found a basalt altar of Yredelemnul.
    86 | D        | Found a glowing silver altar of Zin.
    87 | D        | Found a glowing golden altar of the Shining One.
   228 | D        | Noticed an orc warrior
   228 | D        | Noticed a yak
   228 | D        | Noticed a yak
   228 | D        | Noticed a yak
   228 | D        | Noticed a centaur
   228 | D        | Noticed a kobold demonologist
   232 | D        | Killed an orc warrior
   233 | D        | Reached skill level 11 in Polearms
   233 | D        | Reached XP level 6. HP: 62/62 MP: 5/5
   234 | D        | Noticed a rust devil
   235 | D        | Killed a yak
   236 | D        | Reached skill level 12 in Polearms
   237 | D        | Noticed a sun demon
   237 | D        | Killed a yak
   238 | D        | Reached skill level 10 in Fighting
   238 | D        | Reached skill level 13 in Polearms
   238 | D        | Reached skill level 10 in Armour
   238 | D        | Reached XP level 7. HP: 57/72 MP: 6/6
   239 | D        | Killed a yak
   242 | D        | Reached skill level 14 in Polearms
   244 | D        | HP: 1/73 [sun demon[a kobold demonologist] (16)]
   251 | D        | Killed a kobold demonologist
   252 | D        | Reached skill level 15 in Polearms
   252 | D        | Reached XP level 8. HP: 25/82 MP: 7/7
   254 | D        | Noticed a six-headed hydra
   254 | D        | Noticed a red ugly thing
   254 | D        | Noticed a slime creature
   254 | D        | Noticed a tengu warrior
   254 | D        | Noticed a manticore
   256 | D        | HP: 3/82 [seven-headed hydra (7)]
   256 | D        | Slain by a seven-headed hydra

Illustrated notes

Levels and vault maps discovered:
D:        linesprint [early_d, line_temple, items_1, d_10, items_2, lair_1,
          lair_end, items_3, orc_1, orc_end, items_4, d_15, swamp_1, shoals_1,
          snake_1, spider_1, d_20, vaults_1, items_5, swamp_end, shoals_end,
          snake_end, spider_end, vaults_end, d_27, items_6, zot_1, zot_end,
          crypt_end, forest_end, elf_end, slime_end, tomb_end, abyss_end,
          pan_hell_end]

Skill      XL: |  1  2  3  4  5  6  7 |
---------------+----------------------+-----
Polearms       | 7 10 11 13 15 | 15.0
Fighting       | 6 7 8 10 11 | 11.3
Armour         | 6 7 8 10 11 | 11.3
Shields        | |  3.6

Action                     |  1- 3 |  4- 6 |  7- 9 || total
---------------------------+-------+-------+-------++-------
  Melee: Trident           |    31 |    17 |       ||    48
         Headbutt          |     3 |     5 |     3 ||    11
         Halberd           |       |     9 |    11 ||    20
    Use: Potion            |     1 |     1 |     2 ||     4
         Scroll            |       |       |     1 ||     1
 Armour: Scale mail        |    14 |     6 |       ||    20
         Plate armour      |       |     5 |    12 ||    17
  Dodge: Dodged            |    10 |     8 |     9 ||    27
  Block: Buckler           |     2 |     2 |       ||     4
